 Dungeon Sprint DCSS version 0.17-a0-1184-gb75be8f (webtiles) character file.

186 Kidiri the Reanimator (level 5, -1/25 (28) HPs)
             Began as a Deep Elf Necromancer on June 1, 2015.
             Slain by a necrophage (3 damage)
             ... in the Dungeon (Sprint III: "The Ten Rune Challenge").
             The game lasted 00:05:05 (735 turns).

Kidiri the Reanimator (Deep Elf Necromancer)         Turns: 735, Time: 00:05:05

HP:   -1/25 (28)    AC:  2    Str:  3    XL:     5   Next: 38%
MP:   16/18         EV: 15    Int: 21    God:
Gold: 25            SH:  0    Dex: 15    Spells: 6 memorised, 5 levels left

rFire  . . .     SeeInvis .     d - +0 dagger
rCold  + . .     Clarity  .     a - +0 robe
rNeg   . . .     SustAt   .     (no shield)
rPois  .         Gourm    .     (no helmet)
rElec  .         Spirit   .     (no cloak)
rCorr  .         Warding  .     (no gloves)
rMut   .         NoTele   +     (no boots)
MR     .....                    (no amulet)
Stlth  +++.......               (no ring)
                                (no ring)

@: non-regenerating, diseased, not resistant to hostile enchantments, fairly
stealthy
A: claws 1, hooves 1, breathe flames 1, cold resistance 1, weak 1, no device
heal 1
a: Breathe Fire


You were in the Dungeon.
You were hungry.

You visited 1 branch You collected 25 gold pieces.

Inventory:

Hand weapons
 d - a +0 dagger (weapon)
Armour
 a - a +0 robe (worn)
Scrolls
 i - 2 scrolls of blinking
 l - 2 scrolls of immolation {unknown}
 m - a scroll of identify {unknown}
 n - 3 scrolls of remove curse
Potions
 f - a potion of haste
 g - 2 potions of magic
 p - 2 potions of cure mutation {unknown}
 q - 2 potions of flight
 s - a potion of degeneration {unknown}
Books
 b - a book of Necromancy

   Spells                             Type                      Level
   a - Pain                           Necromancy                   1
   b - Animate Skeleton               Necromancy                   1
   c - Vampiric Draining              Necromancy                   3
   d - Regeneration                   Charms/Necromancy            3
   e - Animate Dead                   Necromancy                   4
   f - Control Undead                 Necromancy                   4
Comestibles
 c - 2 bread rations
 o - a royal jelly
 r - 2 fruits


   Skills:
 + Level 5.9 Dodging
 + Level 6.2 Stealth
 * Level 8.9 Spellcasting
 * Level 9.1 Necromancy


You had 5 spell levels left.
You knew the following spells:

 Your Spells              Type           Power        Failure   Level  Hunger
a - Pain                  Necr           ####         1%          1    None
b - Animate Skeleton      Necr           N/A          1%          1    None
c - Vampiric Draining     Necr           #####.....   1%          3    None
d - Regeneration          Chrm/Necr      ####......   3%          3    None
e - Animate Dead          Necr           N/A          1%          4    ###....
f - Control Undead        Necr           #####.....   1%          4    ###....


Dungeon Overview and Level Annotations

Branches:
Dungeon (1/1)

Altars:
Cheibriados
Fedhas
Yredelemnul


Innate Abilities, Weirdness & Mutations

You have sharp fingernails.
You have large cloven feet.
You can breathe flames.
Your flesh is cold resistant.
You are weak. (Str -2)
Potions and wands are less effective at restoring your health.


Message History

Your flesh rots away!
You hit the necrophage.
The necrophage is almost destroyed.
The necrophage barely misses you.
You barely miss the necrophage.
The necrophage is almost destroyed.
The necrophage closely misses you.
You hit the necrophage but do no damage.
The necrophage is almost destroyed.
The necrophage hits you but does no damage.
You completely miss the necrophage.
The necrophage is almost destroyed.
You have got your breath back.
The necrophage hits you!
* * * LOW HITPOINT WARNING * * *
You hit the necrophage but do no damage.
You kick the necrophage, but do no damage.
The necrophage is almost destroyed.
The necrophage hits you.
You die...

▓▓▓ # ##.# ####
#####..# #__#
.#..#..# #$_#
.#..#..###+#+###@##
.##'#..#.......n..#
.###...'.⌠........#
####...#...######+#
###....#.⌠.#
##.....#...#
#......#+###
.#.....# ###....#


You could see a necrophage.

Vanquished Creatures
  A water elemental (D)
  A scorpion (D)
  Jessica (D)
  A necromancer (D)
  A human (D)
  2 oozes (D)
  A rat (D)
8 creatures vanquished.

Vanquished Creatures (others)
  2 draconian scorchers (D)
  2 yaktaurs (D)
  2 fire drakes (D)
6 creatures vanquished.

Grand Total: 14 creatures vanquished

Notes
Turn   | Place    | Note
--------------------------------------------------------------
     0 | D        | Kidiri the Deep Elf Necromancer began the quest for the Orb.
     0 | D        | Reached XP level 1. HP: 10/10 MP: 6/6
     7 | D        | Learned a level 1 spell: Animate Skeleton
    11 | D        | Reached skill level 5 in Necromancy
    80 | D        | Reached XP level 2. HP: 13/15 MP: 6/9
   183 | D        | Noticed Jessica
   189 | D        | Killed Jessica
   189 | D        | Reached skill level 5 in Spellcasting
   189 | D        | Reached skill level 6 in Necromancy
   189 | D        | Reached XP level 3. HP: 13/19 MP: 8/12
   194 | D        | Learned a level 3 spell: Vampiric Draining
   198 | D        | Learned a level 3 spell: Regeneration
   289 | D        | Killed a white draconian scorcher
   294 | D        | Killed a yaktaur
   363 | D        | Killed a white draconian scorcher
   392 | D        | Reached skill level 7 in Necromancy
   487 | D        | Killed a fire drake
   494 | D        | Noticed a scorpion
   505 | D        | Killed a scorpion
   505 | D        | Reached skill level 5 in Dodging
   505 | D        | Reached skill level 5 in Stealth
   505 | D        | Reached XP level 4. HP: 17/24 MP: 5/15
   511 | D        | Learned a level 4 spell: Animate Dead
   516 | D        | Learned a level 4 spell: Control Undead
   529 | D        | Killed a yaktaur
   581 | D        | Killed a fire drake
   617 | D        | Gained mutation: Your flesh is cold resistant. [potion of mutation]
   617 | D        | Gained mutation: You have sharp fingernails. [potion of mutation]
   617 | D        | Gained mutation: You can breathe flames. [potion of mutation]
   618 | D        | Gained mutation: You are weak. (Str -2) [potion of mutation]
   618 | D        | Gained mutation: Potions and wands are less effective at restoring your health. [potion of mutation]
   618 | D        | Gained mutation: You have large cloven feet. [potion of mutation]
   625 | D        | Noticed a water elemental
   632 | D        | Killed a water elemental
   632 | D        | Reached skill level 8 in Spellcasting
   632 | D        | Reached XP level 5. HP: 28/28 MP: 13/18
   681 | D        | Found a basalt altar of Yredelemnul.
   681 | D        | Found a snail-covered altar of Cheibriados.
   681 | D        | Found a blossoming altar of Fedhas.
   681 | D        | Noticed a necrophage
   681 | D        | Noticed a necromancer
   686 | D        | Killed a necromancer
   686 | D        | Reached skill level 9 in Necromancy
   735 | D        | Slain by a necrophage

Vault maps used:
D:        dungeon_sprint_mu

Action                   |  1- 3 |  4- 6 || total
-------------------------+-------+-------++-------
Melee: Unarmed           |     1 |    12 ||    13
       Dagger            |       |    11 ||    11
 Cast: Pain              |    19 |     4 ||    23
       Animate Skeleton  |     2 |       ||     2
       Vampiric Draining |     3 |     1 ||     4
       Regeneration      |       |     1 ||     1
       Animate Dead      |       |     1 ||     1
 Abil: Breathe Fire      |       |     3 ||     3
  Use: Potion            |       |     5 ||     5
